 Dungeon Crawl Stone Soup version 0.20-a0-261-gcb1eca7 (webtiles) character file.

2581 HarryHood the Basher (level 9, 0/124 HPs)
             Began as a Minotaur Berserker on Dec 2, 2016.
             Was an Elder of Trog.
             Killed from afar by an orc wizard (6 damage)
             ... with a puff of flame
             ... on level 7 of the Dungeon on Dec 3, 2016.
             The game lasted 00:41:29 (5798 turns).

HarryHood the Basher (Minotaur Berserker)           Turns: 5798, Time: 00:41:29

Health: 0/124      AC: 12    Str: 34    XL:     9   Next: 32%
Magic:  8/8        EV:  9    Int:  4    God:    Trog [****..]
Gold:   164        SH: 11    Dex: 12    Spells: 8/8 levels left

rFire  . . .     SeeInvis +     p - +0 mace (crush)
rCold  . . .     Gourm    .     r - +0 chain mail
rNeg   . . .     Faith    .     o - +2 shield
rPois  .         Spirit   .     (helmet restricted)
rElec  .         Reflect  .     j - +0 cloak
rCorr  .         Harm     .     (no gloves)
MR     .....                    i - +0 pair of boots
Stlth  ..........               (no amulet)
                                y - ring of see invisible
                                m - +6 ring of strength

@: berserking (expiring), very quick
A: retaliatory headbutt, horns 2
a: Berserk, Trog's Hand, Brothers in Arms, Burn Spellbooks, Renounce Religion


You were on level 7 of the Dungeon.
You worshipped Trog.
Trog was greatly pleased with you.
You were very hungry.

You visited 2 branches of the dungeon, and saw 8 of its levels.

You collected 404 gold pieces.
You spent 240 gold pieces at shops.

Inventory:

Hand Weapons
 p - a +0 mace of crushing (weapon)
Armour
 i - a +0 pair of boots (worn)
 j - a +0 cloak (worn)
 o - a +2 shield (worn)
 r - a +0 chain mail (worn)
Jewellery
 m - a +6 ring of strength (left hand)
 n - an uncursed ring of stealth
 w - an uncursed ring of poison resistance
 y - a ring of see invisible (right hand)
Scrolls
 t - a scroll of enchant armour {unknown}
 u - 4 scrolls of magic mapping
 x - a scroll of remove curse
Potions
 a - a potion of heal wounds
 b - a potion of haste {unknown}
 e - 2 potions of mutation {unknown}
 h - 3 potions of flight
 k - a potion of lignification {unknown}
 l - 2 potions of curing
 s - a potion of might {unknown}
 v - a potion of resistance {unknown}
Comestibles
 c - 3 bread rations
 d - 2 fruits
 f - a meat ration
 g - 5 beef jerkies
 q - 10 chunks of flesh


   Skills:
 - Level 9.0 Fighting
 + Level 10.0 Maces & Flails
 - Level 6.0 Armour
 * Level 6.4 Dodging


You had 8 spell levels left.
You didn't know any spells.

Dungeon Overview and Level Annotations

Branches:
Dungeon (7/15)             Temple (1/1) D:6

Altars:
Ashenzari
Cheibriados
Dithmenos
Elyvilon
Fedhas
Gozag
Hepliaklqana
Kikubaaqudgha
Makhleb
Nemelex Xobeh
Qazlal
Ru
Trog
Vehumet
Xom
Zin

Shops:
D:4 =[}   D:5 *


Innate Abilities, Weirdness & Mutations

You reflexively headbutt those who attack you in melee.
You have a pair of horns on your head.


Message History

You feel a strong urge to attack something.
You see here an arrow.
You are feeling very hungry.
You block the orc wizard's attack. x2
Items here: )) [[ †† Your shield prevents you from hitting the orc wizard.
The orc priest casts a cantrip, but nothing happens.
You are too berserk!
You are too berserk!
You hit the orc wizard. Your headbutt misses the orc wizard.
The orc wizard is moderately wounded.
The orc wizard hits you but does no damage.
You block the orc wizard's attack.
You barely miss the orc wizard. You headbutt the orc wizard!
You kill the orc wizard!
Trog accepts your kill.
Trog appreciates your killing of a magic user.
The orc wizard casts a spell at you. The puff of flame hits you!
You die...

.# ..#. ####### ....
......## ...#
#####..#############>..#
...............(@oo....#
#######.#########o.....##
).....#..# #g.......
#####..#.########(.......
...............((........
###.......#....##.#...###
..#..........o........#
............)...........
..........l..............


You could see an orc priest, an orc wizard, a gnoll and an orc.

Vanquished Creatures
  Grinder (D:4)
  An ice beast (D:6)
  3 orc warriors
  A black bear (D:7)
  A sky beast (D:5)
  3 ogres
  4 centaurs
  A big kobold (D:4)
  A gnoll sergeant (D:7)
  A bullfrog (D:6)
  2 scorpions
  A howler monkey (D:3)
  3 crimson imps
  A bullfrog zombie (D:5)
  2 orc priests (D:6)
  A hound (D:5)
  A gnoll shaman (D:5)
  A jelly (D:6)
  2 bullfrog skeletons
  5 worker ants
  2 iguanas
  5 orc wizards
  A hound skeleton (D:6)
  9 gnolls
  5 adders
  2 shadow imps (D:5)
  2 oozes
  2 worms
  3 dart slugs
  2 leopard geckos (D:3)
  29 orcs
  2 ball pythons
  4 bats
  6 giant cockroaches
  7 goblins
  12 hobgoblins
  4 kobolds
  7 quokkas
  A frilled lizard (D:4)
  A leopard gecko skeleton (D:4)
  A quokka skeleton (D:6)
  13 rats
156 creatures vanquished.

Vanquished Creatures (others)
  A plant (D:7)
1 creature vanquished.

Grand Total: 157 creatures vanquished

Notes
Turn   | Place    | Note
-------+----------+-------------------------------------------
     0 | D:1      | HarryHood the Minotaur Berserker began the quest for the Orb.
     0 | D:1      | Reached XP level 1. HP: 19/19 MP: 0/0
   111 | D:1      | Reached skill level 4 in Maces & Flails
   348 | D:1      | Upgraded the game from 0.20-a0-256-gabb291d to 0.20-a0-261-gcb1eca7
   360 | D:1      | Reached XP level 2. HP: 26/26 MP: 1/1
   647 | D:1      | Reached skill level 5 in Maces & Flails
   779 | D:1      | Reached XP level 3. HP: 28/31 MP: 2/2
   938 | D:2      | Reached ** piety under Trog
  1121 | D:2      | Found a shadowy altar of Dithmenos.
  1155 | D:2      | Reached XP level 4. HP: 39/39 MP: 3/3
  1230 | D:2      | Reached skill level 6 in Maces & Flails
  1612 | D:2      | Found a burning altar of Makhleb.
  1797 | D:3      | Found a sparkling altar of Nemelex Xobeh.
  1960 | D:3      | Reached XP level 5. HP: 40/47 MP: 4/4
  2105 | D:3      | Reached skill level 5 in Fighting
  2627 | D:4      | Noticed Grinder
  2651 | D:4      | Killed Grinder
  2651 | D:4      | Reached XP level 6. HP: 23/60 MP: 5/5
  2904 | D:4      | Found Daufun's Armour Shoppe.
  3081 | D:4      | Reached *** piety under Trog
  3198 | D:4      | Found Yfooc's Jewellery Shop.
  3261 | D:4      | Bought an uncursed ring of poison resistance for 240 gold pieces
  3312 | D:4      | Found a snail-covered altar of Cheibriados.
  3425 | D:4      | Found a blossoming altar of Fedhas.
  3482 | D:4      | Found Itor's Gadget Shoppe.
  3498 | D:4      | Reached XP level 7. HP: 65/66 MP: 6/6
  3554 | D:4      | Reached skill level 5 in Armour
  3560 | D:5      | Entered Level 5 of the Dungeon
  3707 | D:5      | Reached skill level 7 in Maces & Flails
  3808 | D:5      | Found a glowing silver altar of Zin.
  3944 | D:5      | Found Siupn's Assorted Antiques.
  4116 | D:5      | Reached XP level 8. HP: 73/73 MP: 7/7
  4120 | D:5      | Reached skill level 8 in Maces & Flails
  4309 | D:6      | Found a bloodstained altar of Trog.
  4413 | D:6      | Reached skill level 9 in Maces & Flails
  5217 | D:6      | Reached **** piety under Trog
  5265 | D:6      | Reached XP level 9. HP: 60/83 MP: 8/8
  5304 | D:6      | Found a staircase to the Ecumenical Temple.
  5322 | Temple   | Entered the Ecumenical Temple
  5658 | D:7      | Reached skill level 5 in Dodging
  5788 | D:7      | Reached skill level 10 in Maces & Flails
  5791 | D:7      | HP: 6/124 [orc priest/hand axe (5)]
  5798 | D:7      | Killed from afar by an orc wizard

Vault maps used:
D:1:      dpeg_arrival_orchard
D:2:      lemuel_doored_altar, grunt_ministairs_6, kennysheep_pointless_box,
          nicolae_dithmenos_shadow_blocks
D:3:      nemelex_xobeh_ov_fountains_minmay, first_bread
D:4:      kennysheep_mini_moat, marbit_many_paths, serial_shops,
          nicolae_shop_waterfront, kennysheep_mini, shop, minmay_surrounded,
          uniq_grinder
D:5:      kb_forest_paths, zin_scriptorium, serial_shops, shop_fountains
D:6:      lightli_temple_of_fire
D:7:      wad_woods_stonehenge, old_standard_altar, lemuel_round_altar,
          grunt_ogre_cave, kennysheep_flooded_box, uniq_crazy_yiuf_cottage
Temple:   jpeg_temple_alley_garden

Skill      XL: |  1  2  3  4  5  6  7  8  9 |
---------------+----------------------------+-----
Maces & Flails | 4 5 6 7 9 10 | 10.0
Fighting       | 4 7 9 |  9.0
Armour         | 4 6 |  6.0
Dodging        | 4 6 |  6.4

Action                   |  1- 3 |  4- 6 |  7- 9 || total
-------------------------+-------+-------+-------++-------
Melee: Mace              |    65 |   143 |   228 ||   436
       Headbutt          |     5 |    21 |    51 ||    77
Invok: Berserk           |       |     1 |     1 ||     2
       Burn Spellbooks   |       |     1 |       ||     1
  Use: Scroll            |     3 |     4 |     2 ||     9
  Eat: Chunk             |     1 |     8 |     8 ||    17
Armor: Animal skin       |     8 |     2 |       ||    10
       Ring mail         |       |     2 |       ||     2
       Chain mail        |       |    19 |    61 ||    80
Dodge: Dodged            |    42 |    32 |    44 ||   118
Block: Shield            |       |    64 |   102 ||   166
